 Dungeon Crawl Stone Soup version 0.29.0-5-ge4962eb29e (webtiles) character file.

Game seed: 6122320474952125236

22974 mdonais the Fighter (level 13, -4/94 HPs)
             Began as a Djinni Chaos Knight on Aug 30, 2022.
             Was a Believer of Ignis.
             Slain by a culicivora (20 damage)
             ... on level 2 of the Lair of Beasts.
             The game lasted 01:15:43 (19428 turns).

mdonais the Fighter (Djinni Chaos Knight)          Turns: 19428, Time: 01:15:43

Health: -4/94      AC: 10    Str: 14    XL:     13   Next: 31%
Gold:   683        EV: 15    Int: 21    God:    Ignis [**....] SH:  6 Dex: 19

rFire   + + +      SeeInvis .   h - +4 demon trident (vamp)
rCold   x . .      Faith    .   i - +0 buckler
rNeg    . . .      Spirit   .   C - +0 steam dragon scales
rPois   ∞          Reflect  .   X - +1 helmet of Egalitarianism {Int+2}
rElec   .          Harm     .   k - +1 cloak {rPois}
rCorr   .          Rampage  .   (no gloves)
Will    +....                   (boots unavailable)
Stlth   ++++......              r - amulet of Pomporum {Acrobat +Blink rPois Str+3 Dex+4}
HPRegen 0.25/turn               (no ring)
MPRegen 0.00/turn               (no ring)

@: flying
A: sickness immunity, fire resistance 2, cold vulnerability 1, float, innate
caster, HP casting, extra vitality 1, thin skeletal structure 1
a: Renounce Religion, Evoke Blink, Fiery Armour, Foxfire Swarm, Rising Flame


You were on level 2 of the Lair of Beasts.
You worshipped Ignis.
Ignis was pleased with you.
You visited 2 branches of the dungeon, and saw 12 of its levels.
You also visited: Bailey and Gauntlet.

You collected 877 gold pieces.
You spent 194 gold pieces at shops.

Inventory:

Hand Weapons
 h - a +4 vampiric demon trident (weapon)
   (You took it off a red devil in a Gauntlet)
 G - a +0 vorpal arbalest
   (You found it in a Gauntlet)
 O - the +6 glaive "Ryunlat" {vorpal, rF+ Str+3 SInv}
   (You found it on level 1 of the Lair of Beasts)

   It inflicts extra damage upon your enemies.
   Str:       It affects your strength (+3).
   rF:        It protects you from fire.
   SInv:      It lets you see invisible.
Missiles
 g - 128 stones (quivered)
 v - 6 javelins
Armour
 a - a +2 chain mail of positive energy
   (You took it off an orc on level 5 of the Dungeon)
 i - a +0 buckler (worn)
   (You found it on level 1 of the Dungeon)
 k - a +1 cloak of poison resistance (worn)
   (You took it off Crazy Yiuf on level 2 of the Dungeon)
 m - a +1 robe of cold resistance
   (You took it off a meliai in a Gauntlet)
 n - a scarf of resistance
   (You found it on level 9 of the Dungeon)
 C - +0 steam dragon scales (worn)
   (You found it on level 8 of the Dungeon)
 L - a scarf of invisibility
   (You found it on level 10 of the Dungeon)
 U - a +2 hat
   (You found it in a Gauntlet)
 X - the +1 helmet of Egalitarianism (worn) {Int+2}
   (You found it in a Gauntlet)

   Int:       It affects your intelligence (+2).
 Y - a +0 tower shield
   (You found it on level 10 of the Dungeon)
Magical Staves
 W - a staff of air
   (You found it in a Gauntlet)
Jewellery
 d - an amulet of faith
   (You bought it in a shop on level 7 of the Dungeon)
 r - the amulet of Pomporum (around neck) {Acrobat +Blink rPois Str+3 Dex+4}
   (You found it in a Gauntlet)

   [amulet of the acrobat]

   It increases your evasion while moving and waiting.
   Str:       It affects your strength (+3).
   Dex:       It affects your dexterity (+4).
   rPois:     It protects you from poison.
   +Blink:    It lets you blink.
 E - the ring of Vutef {rN+ Will+}
   (You found it in a Gauntlet)

   [ring of positive energy]

   rN:        It protects you from negative energy.
   Will:      It increases your willpower.
Wands
 b - a wand of quicksilver (10)
   (You found it on level 9 of the Dungeon)
 j - a wand of polymorph (3)
   (You took it off Jessica on level 2 of the Dungeon)
 I - a wand of iceblast (7)
   (You found it on level 10 of the Dungeon)
 N - a wand of charming (5)
   (You found it on level 1 of the Lair of Beasts)
 V - a wand of flame (13)
   (You found it on level 9 of the Dungeon)
Scrolls
 q - a scroll of summoning
 w - 2 scrolls of brand weapon
 x - 3 scrolls of vulnerability
 A - 2 scrolls of silence
 B - 3 scrolls of blinking
 D - 2 scrolls of butterflies
 K - a scroll of immolation
 M - a scroll of magic mapping
 T - 2 scrolls of teleportation
Potions
 e - 3 potions of heal wounds
 l - 2 potions of degeneration {unknown}
 p - 2 potions of brilliance {unknown}
 s - a potion of attraction
 u - a potion of might {unknown}
 F - a potion of cancellation
 H - a potion of haste
 P - a potion of mutation
 Q - 7 potions of curing
 S - 5 potions of ambrosia
Miscellaneous
 c - a piece from Xom's chessboard (15/15)
 f - a condenser vane
   (You found it in a Gauntlet)


   Skills:
 + Level 9.2 Fighting
 - Level 5.4(6.0) Short Blades
 - Level 3.6(5.1) Long Blades
 + Level 8.1 Polearms
 - Level 6.0 Armour
 + Level 5.8 Dodging
 - Level 3.0 Stealth
 - Level 5.0 Shields
 + Level 9.1 Spellcasting
 - Level 4.0 Evocations


You had 12 spell levels left.
You knew the following spells:

 Your Spells              Type           Power      Damage    Failure   Level
a - Beastly Appendage     Tmut           94%        N/A       1%          1
b - Static Discharge      Conj/Air       47%        3-9/arc   1%          2
c - Portal Projectile     Hex/Tloc       94%        N/A       1%          3
d - Summon Guardian Gole  Hex/Summ       47%        N/A       1%          3
e - Animate Armour        Summ/Erth      94%        N/A       1%          4
f - Borgnjor's Vile Clut  Necr/Erth      23%        N/A       6%          5
Your spell library was empty.

Dungeon Overview and Level Annotations

Branches:
Dungeon (10/15) Zot: 25926  Temple (0/1) D:6            Lair (2/5) D:8 Zot: 9424
 Bailey (visited)         Gauntlet (visited)
  Swamp: Lair:2-3    Shoals: Lair:2-3     Snake: Lair:2-3    Spider: Lair:2-3
    Orc: D:9-12

Altars:
Ashenzari
Cheibriados
Dithmenos
Hepliaklqana
Makhleb
Nemelex Xobeh
Okawaru
Qazlal
Uskayaw
Yredelemnul
Zin
The Shining One
Ignis

Shops:
D:4 [   D:7 *:[   D:9 (?

Annotations:
D:7 ring with guards


Innate Abilities, Weirdness & Mutations

You are immune to sickness and miasma.
You are immune to poison.
Your flesh is very heat resistant. (rF++)
You are vulnerable to cold. (rC-)
You float through the air rather than walking.
You learn spells naturally, not from books.
Your magical power is your life essence.
You have superior vitality. (+4 MHP)
You have a somewhat thin skeletal structure. (Dex +2, Stealth+)


Message History

The cane toad stings your guardian golem but does no damage.
A culicivora comes into view.
The jumping spider leaps!
The cane toad stings your guardian golem!
The jumping spider leaps!
Your guardian golem overheats!
You barely miss the jumping spider.
The cane toad stings your guardian golem.
Flame seeps out of your guardian golem. The jumping spider pounces on you.
You are caught in a web!
The jumping spider barely misses you.
The cane toad stings your guardian golem but does no damage.
You take 5 damage, and have 84/94 hp.
You struggle to detach yourself from the web.
The jumping spider pounces on you!
You are even more entangled.
The jumping spider bites you but does no damage.
The cane toad stings your guardian golem!
Flame seeps out of your guardian golem.
The jumping spider leaps!
The culicivora barely misses your guardian golem.
You take 15 damage, and have 69/94 hp.
The web tears apart.
You block the jumping spider's attack. The jumping spider bites you.
The jumping spider leaps!
The cane toad stings your guardian golem but does no damage.
Your guardian golem is engulfed in blazing flames.
Flame seeps out of your guardian golem.
You closely miss the jumping spider. The jumping spider closely misses you.
The jumping spider bites you but does no damage.
The jumping spider leaps!
The cane toad stings your guardian golem but does no damage.
The jumping spider pounces on you but does no damage.
The jumping spider bites you but does no damage.
You barely miss the jumping spider.
The cane toad stings your guardian golem but does no damage.
You block the jumping spider's attack.
The jumping spider bites you but does no damage.
The culicivora bites you.
You take 2 damage, and have 67/94 hp.
You puncture the jumping spider!
You feel better.
The jumping spider is heavily wounded.
The jumping spider pounces on you but does no damage.
The jumping spider completely misses you.
The cane toad stings your guardian golem!
Your guardian golem disappears in a puff of smoke!
Your guardian golem explodes!
The fiery explosion engulfs the cane toad!!
The fiery explosion engulfs your animated steam dragon scales!!
The culicivora closely misses you.
A redback comes into view.
The jumping spider barely misses you. The jumping spider misses you.
You hear a faint skittering sound. x3; You hear a croak.
You regained 8 hp, and now have 75/94 hp.
Casting: Animate Armour (dangerous; 2% risk of failure)
Confirm with . or Enter, or press ? or * to list all spells.
A guardian golem appears, shielding your allies.
The jumping spider misses you. The jumping spider closely misses you.
The culicivora bites you. The jumping spider misses you. x2
The cane toad is engulfed in blazing flames.
Your animated steam dragon scales is engulfed in blazing flames.
Your animated steam dragon scales hits the culicivora! x2
The jumping spider closely misses you. x2; The culicivora bites you.
The jumping spider barely misses you.
The jumping spider bites you but does no damage.
You take 11 damage, and have 64/94 hp.
You closely miss the jumping spider.
The jumping spider is moderately wounded.
The cane toad stings your animated steam dragon scales.
The jumping spider pounces on you!
You are caught in a web!
The jumping spider bites you but does no damage.
Your animated steam dragon scales is engulfed in blazing flames.
Your animated steam dragon scales hits the cane toad.
Your animated steam dragon scales hits the cane toad!
The cane toad dies!
The jumping spider barely misses you. The jumping spider bites you.
The culicivora bites you.
You take 21 damage, and have 43/94 hp.
MASSIVE DAMAGE!!
The web tears apart.
The jumping spider pounces on you! The jumping spider closely misses you.
The jumping spider leaps!
The culicivora bites you.
* * * LOW HITPOINT WARNING * * *
The redback is engulfed in blazing flames.
A water moccasin comes into view.
Your animated steam dragon scales is engulfed in blazing flames.
Your animated steam dragon scales hits the culicivora! x2
The culicivora dies!
You block the jumping spider's attack.
The jumping spider bites you but does no damage.
You take 17 damage, and have 26/94 hp.
As you read the scroll of teleportation, it crumbles to dust.
You feel strangely unstable.
The jumping spider leaps!
Your animated steam dragon scales is engulfed in blazing flames.
Your animated steam dragon scales closely misses the redback. x2
The jumping spider is engulfed in blazing flames.
The redback bites your animated steam dragon scales!
You block the water moccasin's attack.
You swap places.
The jumping spider is engulfed in blazing flames.
The jumping spider leaps!
The jumping spider is engulfed in blazing flames.
The redback bites your animated steam dragon scales but does no damage.
Your guardian golem overheats!
Your animated steam dragon scales is engulfed in blazing flames.
Your animated steam dragon scales hits the redback but does no damage.
Flame seeps out of your guardian golem.
Your animated steam dragon scales hits the redback!
The jumping spider is engulfed in blazing flames.
The jumping spider leaps!
The jumping spider is engulfed in blazing flames.
You hit the water moccasin.
The water moccasin is lightly wounded.
Your animated steam dragon scales disappears in a puff of smoke!
The water moccasin bites you!
* * * LOW HITPOINT WARNING * * *
Your guardian golem is engulfed in blazing flames.
Flame seeps out of your guardian golem.
The jumping spider is engulfed in blazing flames.
You take 6 damage, and have 20/94 hp.
Your surroundings suddenly seem different.
A bullfrog comes into view.
Found 10 stones.
You feel a bit more experienced.
A komodo dragon comes into view.
A jumping spider comes into view.
The jumping spider's many legs skitter faintly.
A culicivora comes into view.
The culicivora moves out of view.
The jumping spider leaps!
The jumping spider leaps!
Casting: Summon Guardian Golem (safe; 1% risk of failure)
Confirm with . or Enter, or press ? or * to list all spells.
* * * LOW HITPOINT WARNING * * *
The jumping spider pounces on your animated steam dragon scales.
The jumping spider bites your animated steam dragon scales but does no damage.
You take 4 damage, and have 18/94 hp.
Casting: Animate Armour (mildly dangerous; 1% risk of failure)
Confirm with . or Enter, or press ? or * to list all spells.
A guardian golem appears, shielding your allies.
* * * LOW HITPOINT WARNING * * *
The jumping spider leaps!
You take 3 damage, and have 15/94 hp.
Reach: h) +4 demon trident (vamp)
Press: ? - help, Dir - move target, f - culicivora
Aim: a culicivora (about 44% to evade your +4 vampiric demon trident)
You reach to attack!
You puncture the culicivora!
The culicivora is moderately wounded.
The jumping spider leaps!
The culicivora barely misses you.
You closely miss the culicivora.
The culicivora is moderately wounded.
The culicivora barely misses you.
You closely miss the culicivora.
The culicivora is moderately wounded.
The culicivora bites you!!
You die...

+..............##
#.....#.......#......#
P...<###.P#.##......#
#...................#
##...................##
......................#
..............####..##
.... #.#.sP##.#...
#..##
.....#..[@........
#.S°#
#....#....s9......
#.9##
.....#.+#+°.##.... #§s.
(.................
#s§...
......#...#.#..#..
.§○○s..
...P.#...>.....#
[...#...
#..(...........#
...$#####
.....#.........P.....
.................


You could see a culicivora (ally target), a jumping spider (ally target), a
friendly guardian golem (summoned) and a friendly animated steam dragon scales
(summoned, sheltered).

Vanquished Creatures
  An elephant (Lair:2)
  A smoke demon (Gauntlet)
  A torpor snail (Lair:2)
  A komodo dragon (Lair:1)
  A hornet (D:7)
  5 meliai (Gauntlet)
  Prince Ribbit (Bailey)
  3 slime creatures (D:8)
  Grinder (D:3)
  A shadow (D:9)
  5 humans
  Menkaure (D:5)
  An acid dragon (D:9)
  2 water moccasins
  A sky beast (D:7)
  4 black bears
  3 wolves (Lair:1)
  A centaur (D:6)
  2 phantoms
  8 bullfrogs
  A necrophage (D:5)
  7 scorpions
  9 killer bees
  3 crimson imps (Gauntlet)
  A quasit (D:5)
  3 hounds
  4 orc priests
  2 jellies
  Crazy Yiuf (D:2)
  Jessica (D:2)
  4 iguanas
  3 orc wizards
  7 adders
  3 gnolls (D:6)
  4 ufetubi (D:5)
  An adder skeleton (D:2)
  2 worms
  3 dart slugs
  16 orcs
  5 bats
  4 endoplasms
  2 giant cockroaches
  6 goblins
  9 hobgoblins
  6 jackals (D:1)
  7 kobolds
  4 quokkas
  7 ball pythons
  A ball python skeleton (D:2)
  2 ball python zombies (D:2)
  2 frilled lizards
  A giant cockroach zombie (D:2)
  A jackal zombie (D:2)
  5 rats
181 creatures vanquished.

Vanquished Creatures (collateral kills)
  A boulder beetle (Lair:1)
  A smoke demon (Gauntlet)
  3 cane toads
  2 minotaur zombies (Gauntlet)
  A rime drake (Lair:1)
  A queen bee (Lair:1)
  3 komodo dragons
  2 red devils (Gauntlet)
  A slime creature (D:8)
  A culicivora (Lair:2)
  A vampire (D:9)
  8 yaks
  3 water moccasins (Lair:1)
  An orc warrior (D:9)
  2 wolves (Lair:1)
  A bullfrog (Lair:2)
  3 wights (D:9)
  11 killer bees
  An electric eel (D:8)
  3 crimson imps (Gauntlet)
  An orc priest (D:9)
51 creatures vanquished.

Vanquished Creatures (others)
  A minotaur (Gauntlet)
  2 vault guards (Bailey)
  A two-headed ogre (D:10)
  2 death yaks (Lair:2)
  Joseph (D:8)
  A cane toad (Lair:1)
  Maggie (D:8)
  A meliai (Gauntlet)
  2 trolls (D:10)
  A jumping spider (Lair:2)
  A wraith (D:10)
  9 yaks
  A human (D:8)
  A water moccasin (D:7)
  A black bear (Lair:1)
  2 centaurs
  A bullfrog (Lair:2)
  3 wights
  16 killer bees
  A jelly (D:7)
  An orc priest (D:9)
  An orc wizard (D:9)
  3 demonic plants (D:5)
  92 foxfires
  10 fungi
  5 plants
  3 withered plants (D:2)
164 creatures vanquished.

Grand Total: 396 creatures vanquished

Notes
Turn   | Place    | Note
-------+----------+-------------------------------------------
     0 | D:1      | mdonais the Djinni Chaos Knight began the quest for the
                  | Orb.
     0 | D:1      | Reached XP level 1. HP: 20/20 MP: 0/0
   139 | D:1      | Reached XP level 2. HP: 25/25 MP: 0/0
   250 | D:1      | Reached XP level 3. HP: 29/30 MP: 0/0
   250 | D:1      | Learned a level 1 spell: Beastly Appendage
   389 | D:1      | Found a faded altar of an unknown god.
   482 | D:1      | XOM: divination: detect items
   484 | D:1      | Prayed at the altar of an unknown god.
   484 | D:1      | Fell from the grace of Xom
   484 | D:1      | Became a worshipper of Ignis, the Dying Flame
   970 | D:2      | Noticed Jessica
   975 | D:2      | Killed Jessica
   976 | D:2      | Reached skill level 1 in Shields
   976 | D:2      | Reached XP level 4. HP: 37/37 MP: 0/0
  1089 | D:2      | XOM: noise
  1277 | D:2      | Noticed a scorpion
  1280 | D:2      | Killed a scorpion
  1281 | D:2      | Reached skill level 1 in Spellcasting
  1281 | D:2      | Reached XP level 5. HP: 41/41 MP: 0/0
  1281 | D:2      | Learned a level 2 spell: Static Discharge
  1301 | D:2      | XOM: noise
  1477 | D:2      | Found a runed translucent door.
  1478 | D:2      | Noticed Crazy Yiuf
  1590 | D:3      | Found a shadowy altar of Dithmenos.
  1666 | D:3      | Noticed Grinder
  1670 | D:3      | Killed Grinder
  1671 | D:3      | Reached XP level 6. HP: 35/47 MP: 0/0
  1688 | D:3      | XOM: silly message
  1748 | D:3      | XOM: silly message
  1850 | D:3      | Reached XP level 7. HP: 43/52 MP: 0/0
  1850 | D:3      | Learned a level 3 spell: Portal Projectile
  1978 | D:3      | XOM: silly message
  2034 | D:3      | Found a glowing golden altar of the Shining One.
  2086 | D:3      | XOM: silly message
  2098 | D:3      | XOM: silly message
  2638 | D:4      | XOM: silly message
  2795 | D:4      | Found a hide-covered altar of Uskayaw.
  2795 | D:4      | Found a glowing silver altar of Zin.
  2796 | D:4      | Found a snail-covered altar of Cheibriados.
  2826 | D:4      | XOM: silly message
  2954 | D:4      | XOM: silly message
  3044 | D:4      | Found a stormy altar of Qazlal.
  3067 | D:4      | Found Tuniann's Armour Emporium.
  3075 | D:4      | XOM: silly message
  3207 | D:4      | XOM: silly message
  3305 | D:5      | Entered Level 5 of the Dungeon
  3321 | D:5      | Reached XP level 8. HP: 25/58 MP: 0/0
  3850 | D:5      | Found a sparkling altar of Nemelex Xobeh.
  4068 | D:5      | Reached skill level 1 in Evocations
  4334 | D:5      | Reached skill level 5 in Fighting
  4491 | D:5      | Noticed Menkaure
  4630 | D:4      | XOM: silly message
  4643 | D:5      | Killed Menkaure
  4680 | D:5      | XOM: silly message
  5090 | D:5      | Reached skill level 5 in Spellcasting
  5317 | D:5      | Found a basalt altar of Yredelemnul.
  5444 | D:5      | XOM: silly message
  5511 | D:5      | XOM: silly message
  5686 | D:6      | XOM: silly message
  5696 | D:6      | Found a faded altar of an unknown god.
  5697 | D:6      | Found a faded altar of an unknown god.
  5699 | D:6      | Found a hazy altar of Hepliaklqana.
  5869 | D:6      | Reached XP level 9. HP: 27/65 MP: 0/0
  5869 | D:6      | Learned a level 3 spell: Summon Guardian Golem
  6060 | D:5      | XOM: noise
  6493 | D:6      | Found a staircase to the Ecumenical Temple.
  7032 | D:5      | Reached skill level 1 in Short Blades
  7780 | D:2      | Killed Crazy Yiuf
  7795 | D:2      | XOM: scenery: summon butterflies
  8007 | D:7      | Found Pitoywea's Book Shop.
  8012 | D:7      | Found Wyritar's Assorted Antiques.
  8012 | D:7      | XOM: 1-stop teleportation journey
  8033 | D:7      | Bought a thin sapphire amulet for 125 gold pieces
  8033 | D:7      | Bought a scroll labelled YPEXIFF NIHUSU for 25 gold pieces
  8033 | D:7      | Bought a fizzy yellow potion for 22 gold pieces
  8033 | D:7      | Bought a yellow potion for 22 gold pieces
  8060 | D:7      | Found a flagged portal.
  8082 | Bailey   | Entered a bailey
  8364 | Bailey   | XOM: noise
  8611 | Bailey   | Reached XP level 10. HP: 24/72 MP: 0/0
  8944 | Bailey   | XOM: cloud trail
  9042 | Bailey   | Noticed a vault guard
  9042 | Bailey   | XOM: 1-stop teleportation journey
  9042 | Bailey   | Was forgiven by Xom
  9081 | Bailey   | Noticed a vault guard
  9081 | Bailey   | Noticed Prince Ribbit
  9084 | Bailey   | Gained mutation: You have a somewhat thin skeletal
                  | structure. (Dex +2, Stealth+) [potion of mutation]
  9090 | Bailey   | Killed Prince Ribbit
  9253 | Bailey   | Killed a vault guard
  9467 | Bailey   | Killed a vault guard
  9468 | Bailey   | Reached skill level 5 in Dodging
  9468 | Bailey   | Reached skill level 5 in Shields
  9881 | D:7      | Noticed a cyclops
 10426 | D:7      | Found Vennioq's Armour Shop.
 10535 | D:7      | Found a burning altar of Makhleb.
 10800 | D:8      | Noticed Joseph
 10812 | D:8      | Killed Joseph
 10813 | D:8      | Reached skill level 1 in Stealth
 10813 | D:8      | Reached XP level 11. HP: 71/79 MP: 0/0
 10813 | D:8      | Learned a level 4 spell: Animate Armour
 10828 | D:8      | Found a staircase to the Lair.
 10954 | D:8      | Found a broken altar of Ashenzari.
 11490 | D:8      | Found an iron altar of Okawaru.
 11643 | D:8      | Reached skill level 5 in Short Blades
 12219 | D:8      | Noticed Maggie
 12231 | D:8      | Killed Maggie
 13365 | D:9      | Found Donuniv's Antique Weapon Emporium.
 13718 | D:9      | Found Uroggi's Magic Scroll Shop.
 14014 | D:10     | Entered Level 10 of the Dungeon
 14669 | D:10     | Noticed a two-headed ogre
 14694 | D:10     | Killed a two-headed ogre
 15064 | Lair:1   | Entered Level 1 of the Lair of Beasts
 15101 | Lair:1   | Identified the +6 glaive "Ryunlat" {vorpal, rF+ Str+3 SInv}
 15151 | Lair:1   | Reached skill level 5 in Armour
 15153 | Lair:1   | Reached XP level 12. HP: 82/88 MP: 0/0
 15442 | Lair:1   | Noticed a boulder beetle
 15452 | Lair:1   | Killed a boulder beetle
 15453 | Lair:1   | Reached skill level 1 in Polearms
 16289 | Lair:1   | Reached skill level 5 in Polearms
 17371 | Lair:2   | Found a gate leading to a gauntlet.
 17394 | Lair:2   | Noticed a death yak
 17402 | Lair:2   | Noticed a death yak
 17411 | Lair:2   | Killed a death yak
 17411 | Lair:2   | Killed a death yak
 17423 | Gauntlet | Entered a Gauntlet
 17423 | Gauntlet | Found a transporter.
 17515 | Gauntlet | Found a runed translucent gate.
 17517 | Gauntlet | Found a runed translucent gate.
 17517 | Gauntlet | Found a transporter.
 17519 | Gauntlet | Found a runed translucent gate.
 17521 | Gauntlet | Found a transporter.
 17529 | Gauntlet | Found a transporter.
 17533 | Gauntlet | Found a transporter.
 17541 | Gauntlet | Found a transporter.
 17545 | Gauntlet | Found a transporter.
 17556 | Gauntlet | Found a transporter.
 17557 | Gauntlet | Found a transporter.
 17564 | Gauntlet | Noticed a reaper
 17565 | Gauntlet | Found a transporter.
 17595 | Gauntlet | Found a transporter.
 17607 | Gauntlet | Found a transporter.
 17620 | Gauntlet | Found a transporter.
 17633 | Gauntlet | Found a transporter.
 17846 | Gauntlet | Reached XP level 13. HP: 78/94 MP: 0/0
 17846 | Gauntlet | Learned a level 5 spell: Borgnjor's Vile Clutch
 18379 | Gauntlet | Identified the +1 pair of boots "Iny Ysi" {Harm}
 18402 | Gauntlet | Identified the amulet of Pomporum {Acrobat +Blink rPois
                  | Str+3 Dex+4}
 18670 | Gauntlet | Identified the ring of Vutef {rN+ Will+}
 18670 | Gauntlet | Noticed a minotaur
 18682 | Gauntlet | Killed a minotaur
 18911 | Gauntlet | Identified the +4 whip of the Singing Seeker {vorpal,
                  | +Blink rF+ rC-}
 18911 | Gauntlet | Identified the +1 pair of boots of the Fuzzy God {Rampage
                  | *Corrode Dex+8 Stlth-}
 18911 | Gauntlet | Identified the +1 helmet of Egalitarianism {Int+2}
 19428 | Lair:2   | Slain by a culicivora

Illustrated notes

Levels and vault maps discovered:
D:1:      shiori_arrival_maze, layout_loops_ring, basic_ecumenical_altar
D:2:      layout_rooms, serial_undead, serial_undead_e, serial_undead_e,
          serial_undead_c, serial_undead_e, serial_undead_b, serial_undead_d,
          serial_undead_a, serial_undead_c, uniq_jessica,
          uniq_crazy_yiuf_cottage
D:3:      layout_rooms, mainiacjoe_overflow_tiny_flanked,
          grunt_dithmenos_smoke_and_mirrors, uniq_grinder
D:4:      layout_rooms, nicolae_overflow_quartered_altars, serial_shops, shop
D:5:      layout_loops_ring, nemelex_diamond_rough_becter, lemuel_tele_altar,
          serial_demonic, serial_demonic_f, serial_demonic_c, serial_demonic_f,
          serial_demonic_b, chequers_garden, uniq_menkaure
D:6:      layout_basic, nicolae_hepliaklqana_ecumenical_no_more,
          temple_fountains
D:7:      layout_basic, marbit_many_paths, enter_bailey_2, serial_shops, shop,
          kennysheep_mini_moat, shop, nicolae_fountain_basement
D:8:      layout_loops_ring, nicolae_ashenzari_panopticon,
          mainiacjoe_overflow_cross_hatched, okawaru_humans, lair_entry_dummy,
          nicolae_lava_and_water, kennysheep_flooded_box,
          kennysheep_generic_room_7, uniq_maggie, uniq_joseph
D:9:      layout_basic, nicolae_vehumet_altar_sigil, serial_shops, shop,
          nicolae_shop_waterfront
D:10:     layout_small_grid, hangedman_abyss_or_decor_stabs
Lair:1:   layout_cave_pods, special_room [special_room_bee],
          chequers_serial_rivers_small_3
Lair:2:   layout_chaotic_city, nicolae_spider_entry_tight_spaces,
          gauntlet_entry_generic, chequers_serial_rivers_micro_e,
          nicolae_quartered_pool_super

Skill      XL: |  1  2  3  4  5  6  7  8  9 10 11 12 13 |
---------------+----------------------------------------+-----
Long Blades    | 3 |  3.6
Shields        | 1 2 3 4 5 |  5.0
Fighting       | 4 5 6 7 8 9 |  9.2
Spellcasting   | 1 2 4 5 7 8 9 |  9.1
Armour         | 2 5 6 |  6.0
Evocations     | 2 3 4 |  4.0
Dodging        | 3 4 5 |  5.8
Short Blades   | 2 4 5 |  5.4
Stealth        | 1 3 |  3.0
Polearms       | 7 8 |  8.1

Action                   |  1- 3 |  4- 6 |  7- 9 | 10-12 | 13-15 || total
-------------------------+-------+-------+-------+-------+-------++-------
Melee: Falchion          |    69 |    69 |    12 |       |       ||   150
       Unarmed           |     1 |     4 |       |       |       ||     5
       Dagger            |       |       |   284 |       |       ||   284
       Headbutt          |       |       |     2 |     2 |     1 ||     5
       Short sword       |       |       |    66 |   123 |       ||   189
       Glaive            |       |       |       |    62 |    10 ||    72
       Demon trident     |       |       |       |       |    34 ||    34
Throw: Boomerang         |       |       |    27 |    18 |       ||    45
       Stone             |       |       |       |     2 |       ||     2
 Cast: Static Discharge  |       |     1 |    56 |    13 |     3 ||    73
       Beastly Appendage |       |     1 |     1 |     1 |     1 ||     4
       Summon Guardian G |       |       |     1 |    78 |    10 ||    89
       Animate Armour    |       |       |       |    58 |    12 ||    70
Invok: Foxfire Swarm     |     1 |     2 |     1 |     1 |       ||     5
       Fiery Armour      |       |       |       |     1 |       ||     1
Evoke: Piece from Xom's  |       |       |     7 |       |       ||     7
       Wand              |       |       |     3 |       |     5 ||     8
  Use: Potion            |       |     2 |     1 |     6 |     4 ||    13
       Scroll            |       |       |     9 |    10 |     5 ||    24
 Stab: Paralysed         |     1 |       |       |       |       ||     1
       Distracted        |       |     1 |       |     2 |       ||     3
       Petrified         |       |       |     2 |       |       ||     2
       Sleeping          |       |       |       |     2 |       ||     2
Armor: Leather armour    |    30 |    20 |   161 |    28 |       ||   239
       Skin              |       |     1 |       |       |    33 ||    34
       Steam dragon scal |       |       |       |    21 |    21 ||    42
Dodge: Dodged            |    49 |    32 |   233 |    98 |    43 ||   455
Block: Buckler           |     1 |    15 |   110 |    40 |     5 ||   171
